 Dungeon Crawl Stone Soup version 0.19.0 (webtiles) character file.

28 CanadianGator the Ducker (level 3, 0/26 HPs)
             Began as an Octopode Fighter on Nov 22, 2016.
             Slain by an adder (2 damage)
             ... on level 2 of the Dungeon.
             The game lasted 00:05:14 (730 turns).

CanadianGator the Ducker (Octopode Fighter)          Turns: 730, Time: 00:05:15

Health: 0/26       AC:  1    Str: 15    XL:     3   Next: 14%
Magic:  3/3        EV: 12    Int: 10    God:
Gold:   90         SH:  8    Dex: 12    Spells: 0 memorised, 2 levels left

rFire  . . .     SeeInvis .       - Unarmed
rCold  . . .     Gourm    .     a - +0 shield
rNeg   . . .     Faith    .     (helmet restricted)
rPois  +         Spirit   .     (no amulet)
rElec  .         Reflect  .     j - ring of poison resistance
rCorr  .         Harm     .     (no ring)
MR     .....                    (no ring)
Stlth  ++........               (no ring)
                                (no ring)
                                (no ring)
                                (no ring)
                                (no ring)

@: no status effects
A: almost no armour, stealthy swim, amphibious, 8 rings, constrict 8, camouflage
1, gelatinous body 1
a: no special abilities


You were on level 2 of the Dungeon.
You were not hungry.

You visited 1 branch of the dungeon, and saw 2 of its levels.

You collected 90 gold pieces.

Inventory:

Armour
 a - a +0 shield (worn)
Jewellery
 j - a ring of poison resistance (left tentacle)
Scrolls
 d - 2 scrolls of enchant armour {unknown}
 e - 2 scrolls of remove curse {unknown}
 f - a scroll of identify {unknown}
 h - a scroll of teleportation {unknown}
 i - a scroll of fear {unknown}
Potions
 b - a potion of might
Comestibles
 c - a bread ration
 k - a royal jelly


   Skills:
 + Level 3.1 Fighting
 * Level 3.3 Dodging
 + Level 0.4 Stealth
 * Level 3.3 Shields
 * Level 2.6 Unarmed Combat


You had 2 spell levels left.
You didn't know any spells.

Dungeon Overview and Level Annotations

Branches:
Dungeon (2/15)

Altars:


Innate Abilities, Weirdness & Mutations

You cannot wear most types of armour.
You are very stealthy in the water. (Stealth+)
You are amphibious.
You can wear up to eight rings at the same time.
You can use your tentacles to constrict eight enemies at once.
Your skin changes colour to match your surroundings (Stealth+).
Your rubbery body absorbs attacks. (AC +1, EV +1)


Message History

You closely miss the adder. Your grab misses the adder.
You block the adder's attack. The adder bites you but does no damage.
You closely miss the adder. You grab the adder. You constrict the adder.
You block the hobgoblin's attack. You block the adder's attack.
You closely miss the hobgoblin. Your grab misses the hobgoblin.
You constrict the adder. You block the hobgoblin's attack. The adder bites you.
You closely miss the hobgoblin. You grab the hobgoblin.
You squeeze the hobgoblin.
The hobgoblin is heavily wounded.
You constrict the adder. You constrict the hobgoblin.
You block the adder's attack. The hobgoblin closely misses you.
The adder bites you.
* * * LOW HITPOINT WARNING * * *
You block the adder's attack.
You release your grip on the adder.
You release your grip on the hobgoblin.
The adder misses you. The giant cockroach bites you.
* * * LOW HITPOINT WARNING * * *
It was a potion of cure mutation.
It has a very clean taste.
The adder bites you.
You die...

.[........
#........#
##........###
#...........#
#######............
....[..............
......?..)..%)....
#<......gs.......
##.......@S.......
#.........S$......
#.................
..(#..............
#.....##.......
#..##.# .......
#####..#..# ...$...
#.)......## .####.
##.....####


You could see 2 adders, a giant cockroach and a hobgoblin.

Vanquished Creatures
  An adder (D:2)
  2 bats (D:1)
  A giant cockroach (D:1)
  4 goblins
  3 hobgoblins
  3 kobolds
  5 rats (D:1)
19 creatures vanquished.

Notes
Turn   | Place    | Note
-------+----------+-------------------------------------------
     0 | D:1      | CanadianGator the Octopode Fighter began the quest for the Orb.
     0 | D:1      | Reached XP level 1. HP: 16/16 MP: 1/1
   110 | D:1      | Reached XP level 2. HP: 21/21 MP: 2/2
   682 | D:2      | Reached XP level 3. HP: 13/26 MP: 3/3
   730 | D:2      | Slain by an adder

Action                   || total
-------------------------++-------
Melee: Unarmed           ||    51
       Constrict         ||    16
       Tentacles         ||     7
       Punch             ||     3
  Use: Potion            ||     1
 Stab: Sleeping          ||     4
Armor: Skin              ||     3
Dodge: Dodged            ||    19
Block: Shield            ||    19
